3AAA
FLORIDA MEN @ BLOOMINGTON LONGNECKS
07/03/2028
 
TOP OF THE 1ST
Florida Men batting - Pitching for Bloomington Longnecks : RHP Miguel Cervantes
Pitching: RHP Miguel Cervantes
Batting: RHB Vojtech Farkas 0-0: Ball
1-0: Fly out, F7 (Flyball, 7LD)
Batting: LHB Iemitsu Hatsutori 0-0: Called Strike
0-1: Foul Ball, location: 2F
0-2: Ground out 4-3 (Groundball, 4)
Batting: SHB Luis Gutiérrez 0-0: Ball
1-0: Called Strike
1-1: SINGLE (Groundball, 4S) (infield hit)
Batting: RHB Todd Sentell 0-0: Ball
1-0: Called Strike
1-1: Ball
2-1: Foul Ball, location: 2F
2-2: Ground out 4-3 (Groundball, 34)
Top of the 1st over - 0 run(s), 1 hit(s), 0 error(s), 1 left on base; Florida 0 - Bloomington 0
BOTTOM OF THE 1ST
Bloomington Longnecks batting - Pitching for Florida Men : RHP Ray Bane
Pitching: RHP Ray Bane
Batting: LHB Shahid Afridi 0-0: Called Strike
0-1: Ball
1-1: Called Strike
1-2: Foul Ball, location: 2F
1-2: Strikes out looking
Batting: RHB Mark Smiley 0-0: Called Strike
0-1: Ball
1-1: Ball
2-1: Foul Ball, location: 2F
2-2: Ball
3-2: SINGLE (Groundball, 56S) (infield hit)
Batting: RHB Dave Farr 0-0: Ball
1-0: Ball
2-0: Ground out U3 (Groundball, 34S)
Mark Smiley to second
Batting: SHB Eddie Ménard 0-0: DOUBLE (Line Drive, 9LM)
Mark Smiley scores
Batting: RHB Darrell Terwey 0-0: Ball
1-0: Ball
2-0: Called Strike
2-1: Ball
3-1: Base on Balls
Batting: RHB Sean Davis 0-0: Ball
1-0: Ball
2-0: Ball
3-0: Base on Balls
Eddie Ménard to third
Darrell Terwey to second
Batting: SHB Jared Jefferson 0-0: Ball
1-0: GRAND SLAM HOME RUN (Flyball, 9D), Distance : 350 ft
Batting: RHB Carlos Cardona 0-0: Ground out 4-3 (Groundball, 4)
Bottom of the 1st over - 5 run(s), 3 hit(s), 0 error(s), 0 left on base; Florida 0 - Bloomington 5
TOP OF THE 2ND
Florida Men batting - Pitching for Bloomington Longnecks : RHP Miguel Cervantes
Batting: RHB Henry Lambright 0-0: Called Strike
0-1: Ball
1-1: Ball
2-1: Called Strike
2-2: Ground out 6-3 (Groundball, 56)
Batting: LHB José Hernández 0-0: Ball
1-0: Called Strike
1-1: Foul Ball, location: 2F
1-2: Ground out 6-3 (Groundball, 6M)
Batting: LHB Bastyão Lizardo 0-0: Ball
1-0: Foul Ball, location: 2F
1-1: Single, Error in OF, E9, batter to second base
Batting: RHB Phil Baker 0-0: Foul Ball, location: 2F
0-1: Called Strike
0-2: Foul Ball, location: 2F
0-2: Strikes out swinging
Top of the 2nd over - 0 run(s), 1 hit(s), 1 error(s), 1 left on base; Florida 0 - Bloomington 5
BOTTOM OF THE 2ND
Bloomington Longnecks batting - Pitching for Florida Men : RHP Ray Bane
Batting: LHB Shang-de Zhang 0-0: Foul Ball, location: 2F
0-1: Ball
1-1: Called Strike
1-2: Ball
2-2: DOUBLE (Line Drive, 7LD)
Batting: LHB Shahid Afridi 0-0: Called Strike
0-1: Ground out 4-3 (Groundball, 4)
Shang-de Zhang to third
Batting: RHB Mark Smiley 0-0: Ball
1-0: Foul Ball, location: 2F
1-1: Ball
2-1: Foul Ball, location: 2F
2-2: Foul Ball, location: 2F
2-2: Ball
3-2: Strikes out swinging
Batting: RHB Dave Farr 0-0: Ball
1-0: Swinging Strike
1-1: Foul Ball, location: 2F
1-2: Fly out, F4 (Line Drive, 4MD)
Bottom of the 2nd over - 0 run(s), 1 hit(s), 0 error(s), 1 left on base; Florida 0 - Bloomington 5
TOP OF THE 3RD
Florida Men batting - Pitching for Bloomington Longnecks : RHP Miguel Cervantes
Batting: RHB Israel Sanders 0-0: Ball
1-0: Ground out 6-3 (Groundball, 6)
Batting: RHB Vojtech Farkas 0-0: Ball
1-0: Foul Ball, location: 2F
1-1: Called Strike
1-2: Ground out 6-3 (Groundball, 6)
Batting: LHB Iemitsu Hatsutori 0-0: Ball
1-0: Swinging Strike
1-1: Foul Ball, location: 2F
1-2: Foul Ball, location: 2F
1-2: Ball
2-2: SINGLE (Line Drive, 56D)
Batting: SHB Luis Gutiérrez 0-0: Ground out U3 (Groundball, 3)
Top of the 3rd over - 0 run(s), 1 hit(s), 0 error(s), 1 left on base; Florida 0 - Bloomington 5
BOTTOM OF THE 3RD
Bloomington Longnecks batting - Pitching for Florida Men : RHP Ray Bane
Batting: SHB Eddie Ménard 0-0: Foul Ball, location: 2F
0-1: Ball
1-1: Foul Ball, location: 2F
1-2: Foul Ball, location: 2F
1-2: Fly out, F5 (Popup, 5S)
Batting: RHB Darrell Terwey 0-0: Fly out, F8 (Flyball, 8RXD)
Batting: RHB Sean Davis 0-0: Ball
1-0: Ball
2-0: Ball
3-0: Called Strike
3-1: Base on Balls
Batting: SHB Jared Jefferson 0-0: Ball
1-0: Ball
2-0: Called Strike
2-1: Fielders Choice at 2nd, 4-6 (Groundball, 4)
Bottom of the 3rd over - 0 run(s), 0 hit(s), 0 error(s), 0 left on base; Florida 0 - Bloomington 5
TOP OF THE 4TH
Florida Men batting - Pitching for Bloomington Longnecks : RHP Miguel Cervantes
Batting: RHB Todd Sentell 0-0: Foul Ball, location: 2F
0-1: Foul Ball, location: 2F
0-2: Ball
1-2: Foul Ball, location: 2F
1-2: SINGLE (Groundball, 56D)
Batting: RHB Henry Lambright 0-0: Called Strike
0-1: Foul Ball, location: 2F
0-2: Ball
1-2: Foul Ball, location: 2F
1-2: Ball
2-2: Ball
3-2: Fly out, F8 (Flyball, 89D)
Runner from 1st tags up, SAFE at 2nd
Batting: LHB José Hernández 0-0: Ground out 6-3 (Groundball, 6)
Todd Sentell to third
Batting: LHB Bastyão Lizardo 0-0: Swinging Strike
0-1: Ball
1-1: Foul Ball, location: 2F
1-2: Ground out 4-3 (Groundball, 4)
Top of the 4th over - 0 run(s), 1 hit(s), 0 error(s), 1 left on base; Florida 0 - Bloomington 5
BOTTOM OF THE 4TH
Bloomington Longnecks batting - Pitching for Florida Men : RHP Ray Bane
Batting: RHB Carlos Cardona 0-0: Called Strike
0-1: Ground out 4-3 (Groundball, 4)
Batting: LHB Shang-de Zhang 0-0: Ball
1-0: SINGLE (Line Drive, 89S)
Batting: LHB Shahid Afridi 0-0: Ball
1-0: Ball
2-0: Ball
3-0: Base on Balls
Shang-de Zhang to second
Batting: RHB Mark Smiley 0-0: Swinging Strike
0-1: Fly out, F8 (Flyball, 8RS)
Batting: RHB Dave Farr 0-0: Fly out, F8 (Flyball, 8RM)
Bottom of the 4th over - 0 run(s), 1 hit(s), 0 error(s), 2 left on base; Florida 0 - Bloomington 5
TOP OF THE 5TH
Florida Men batting - Pitching for Bloomington Longnecks : RHP Miguel Cervantes
Batting: RHB Phil Baker 0-0: Called Strike
0-1: Called Strike
0-2: DOUBLE (Line Drive, 78D)
Batting: RHB Israel Sanders 0-0: Swinging Strike
0-1: Fly out, F7 (Line Drive, 78M)
Batting: RHB Vojtech Farkas 0-0: Called Strike
0-1: Fly out, F8 (Flyball, 78D)
Batting: LHB Iemitsu Hatsutori 0-0: Called Strike
0-1: Ball
1-1: Ground out 4-3 (Groundball, 4)
Top of the 5th over - 0 run(s), 1 hit(s), 0 error(s), 1 left on base; Florida 0 - Bloomington 5
BOTTOM OF THE 5TH
Bloomington Longnecks batting - Pitching for Florida Men : RHP Ray Bane
Batting: SHB Eddie Ménard 0-0: Called Strike
0-1: Called Strike
0-2: Ball
1-2: SOLO HOME RUN (Flyball, 7D), Distance : 382 ft
Batting: RHB Darrell Terwey 0-0: Swinging Strike
0-1: Ball
1-1: Foul Ball, location: 2F
1-2: Foul Ball, location: 2F
1-2: Strikes out swinging
Batting: RHB Sean Davis 0-0: Called Strike
0-1: Foul Ball, location: 2F
0-2: Strikes out looking
Batting: SHB Jared Jefferson 0-0: Ball
1-0: Foul Ball, location: 2F
1-1: Fly out, F7 (Flyball, 7S)
Bottom of the 5th over - 1 run(s), 1 hit(s), 0 error(s), 0 left on base; Florida 0 - Bloomington 6
TOP OF THE 6TH
Florida Men batting - Pitching for Bloomington Longnecks : RHP Miguel Cervantes
Batting: SHB Luis Gutiérrez 0-0: Ball
1-0: Ball
2-0: Foul Ball, location: 2F
2-1: Fly out, F7 (Flyball, 7)
Batting: RHB Todd Sentell 0-0: Called Strike
0-1: SINGLE (Flyball, 9)
Batting: RHB Henry Lambright 0-0: Called Strike
0-1: Foul Ball, location: 2F
0-2: Ball
Todd Sentell is caught stealing 2nd base
1-2: Ball
2-2: Ball
3-2: Strikes out swinging
Top of the 6th over - 0 run(s), 1 hit(s), 0 error(s), 0 left on base; Florida 0 - Bloomington 6
BOTTOM OF THE 6TH
Bloomington Longnecks batting - Pitching for Florida Men : RHP Ray Bane
Pitching: RHP Valentín Robles
Batting: RHB Carlos Cardona 0-0: Foul Ball, location: 2F
0-1: Ball
1-1: Ball
2-1: Ball
3-1: Base on Balls
Batting: LHB Shang-de Zhang 0-0: Called Strike
0-1: Ball
1-1: Ball
2-1: Foul Ball, location: 2F
2-2: Foul Ball, location: 2F
2-2: Ball
3-2: SINGLE (Groundball, 4D)
Carlos Cardona to second
Batting: LHB Shahid Afridi 0-0: Ball
1-0: Ball
2-0: Called Strike
2-1: Ball
3-1: Fly out, F9 (Flyball, 9LD)
Batting: RHB Mark Smiley 0-0: Ball
1-0: SINGLE (Groundball, 56S) (infield hit)
Carlos Cardona to third
Shang-de Zhang to second
Batting: RHB Dave Farr 0-0: Called Strike
0-1: Ball
1-1: Ball
2-1: Ball
3-1: Called Strike
3-2: Base on Balls
Carlos Cardona scores
Shang-de Zhang to third
Mark Smiley to second
Batting: SHB Eddie Ménard 0-0: Ball
1-0: SINGLE (Line Drive, 6)
Shang-de Zhang scores
Mark Smiley to third
Dave Farr to second
Pitching: RHP Anthony Snyder
Batting: RHB Darrell Terwey 0-0: Called Strike
0-1: Ball
1-1: Foul Ball, location: 2F
1-2: SINGLE (Groundball, 25) (infield hit)
Mark Smiley scores
Dave Farr to third
Eddie Ménard to second
Batting: RHB Sean Davis 0-0: Swinging Strike
0-1: Ball
1-1: Ball
2-1: Called Strike
2-2: Strikes out swinging
Batting: SHB Jared Jefferson 0-0: Ball
1-0: SINGLE (Groundball, 4MD)
Dave Farr scores
Eddie Ménard to third
Darrell Terwey to second
Runner from 3rd tries for Home, SAFE, throw made home
Darrell Terwey to third
Jared Jefferson to second
Batting: RHB Carlos Cardona 0-0: Foul Ball, location: 2F
0-1: Ball
1-1: Ball
2-1: Foul Ball, location: 2F
2-2: Ball
3-2: Foul Ball, location: 2F
3-2: Base on Balls
Batting: LHB Shang-de Zhang 0-0: Called Strike
0-1: Fielders Choice at 2nd, 4-6 (Groundball, 4)
Bottom of the 6th over - 5 run(s), 5 hit(s), 0 error(s), 2 left on base; Florida 0 - Bloomington 11
TOP OF THE 7TH
Florida Men batting - Pitching for Bloomington Longnecks : RHP Miguel Cervantes
Batting: LHB José Hernández 0-0: Called Strike
0-1: SINGLE (Groundball, 6D)
Batting: LHB Bastyão Lizardo 0-0: Called Strike
0-1: Ball
1-1: Ball
2-1: Called Strike
2-2: SINGLE (Groundball, 3D)
José Hernández to second
Runner from 2nd tries for 3rd, SAFE, no throw
Batting: RHB Phil Baker 0-0: Called Strike
0-1: Grounds into double play, 6-4-3 (Groundball, 6)
José Hernández scores
Batting: RHB Israel Sanders 0-0: Ball
1-0: SINGLE (Groundball, 56D)
Batting: RHB Vojtech Farkas 0-0: Fly out, F9 (Flyball, 9LMF)
Top of the 7th over - 1 run(s), 3 hit(s), 0 error(s), 1 left on base; Florida 1 - Bloomington 11
BOTTOM OF THE 7TH
Bloomington Longnecks batting - Pitching for Florida Men : RHP Anthony Snyder
Batting: LHB Shahid Afridi 0-0: Called Strike
0-1: Foul Ball, location: 2F
0-2: Foul Ball, location: 2F
0-2: Ball
1-2: Foul Ball, location: 2F
1-2: Foul Ball, location: 2F
1-2: Ground out 4-3 (Groundball, 4)
Batting: RHB Mark Smiley 0-0: Called Strike
0-1: Fly out, F7 (Flyball, 78M)
Batting: RHB Dave Farr 0-0: Foul Ball, location: 2F
0-1: Reached on error, E1 (Groundball, P)
Batting: SHB Eddie Ménard 0-0: Foul Ball, location: 2F
0-1: Swinging Strike
0-2: Ball
1-2: Foul Ball, location: 2F
1-2: Ball
2-2: Foul Ball, location: 2F
2-2: Ball
3-2: Foul Ball, location: 2F
3-2: Base on Balls
Batting: RHB Darrell Terwey 0-0: SINGLE (Popup, 4MD)
Dave Farr to third
Eddie Ménard to second
Runner from 3rd tries for Home, SAFE, no throw
Batting: RHB Sean Davis 0-0: Called Strike
0-1: Called Strike
0-2: Ball
1-2: SINGLE (Groundball, 6MD)
Eddie Ménard to third
Darrell Terwey to second
Runner from 3rd tries for Home, SAFE, no throw
Batting: SHB Jared Jefferson 0-0: Called Strike
0-1: Foul Ball, location: 2F
0-2: Ball
1-2: Strikes out looking
Bottom of the 7th over - 2 run(s), 2 hit(s), 1 error(s), 2 left on base; Florida 1 - Bloomington 13
TOP OF THE 8TH
Florida Men batting - Pitching for Bloomington Longnecks : RHP Miguel Cervantes
Now in RF: Eugene Bentley
Batting: LHB Iemitsu Hatsutori 0-0: Fly out, F3 (Line Drive, 3)
Batting: SHB Luis Gutiérrez 0-0: Ball
1-0: Fly out, F7 (Line Drive, 7LM)
Batting: RHB Todd Sentell 0-0: Ball
1-0: Called Strike
1-1: Ground out 6-3 (Groundball, 6)
Top of the 8th over - 0 run(s), 0 hit(s), 0 error(s), 0 left on base; Florida 1 - Bloomington 13
BOTTOM OF THE 8TH
Bloomington Longnecks batting - Pitching for Florida Men : RHP Anthony Snyder
Batting: RHB Carlos Cardona 0-0: Ball
1-0: Ball
2-0: Ball
3-0: Base on Balls
Pitching: RHP Jorge Silva
Batting: LHB Shang-de Zhang 0-0: Ball
1-0: Ball
2-0: Fly out, F1 (Line Drive, 13)
Batting: LHB Shahid Afridi 0-0: Ball
1-0: Called Strike
1-1: Ball
2-1: Ball
3-1: Swinging Strike
3-2: Foul Ball, location: 2F
3-2: Base on Balls
Carlos Cardona to second
Batting: RHB Mark Smiley 0-0: Ball
1-0: Called Strike
1-1: Ball
2-1: Called Strike
2-2: Strikes out swinging
Batting: RHB Dave Farr 0-0: Ball
1-0: Ball
2-0: Called Strike
2-1: Ball
3-1: Base on Balls
Carlos Cardona to third
Shahid Afridi to second
Batting: SHB Eugene Bentley 0-0: Ball
1-0: Ball
2-0: Foul Ball, location: 2F
2-1: Foul Ball, location: 2F
2-2: Foul Ball, location: 2F
2-2: Ball
3-2: Base on Balls
Carlos Cardona scores
Shahid Afridi to third
Dave Farr to second
Batting: RHB Darrell Terwey 0-0: Ball
1-0: Foul Ball, location: 2F
1-1: Fly out, F9 (Flyball, 9LS)
Bottom of the 8th over - 1 run(s), 0 hit(s), 0 error(s), 3 left on base; Florida 1 - Bloomington 14
TOP OF THE 9TH
Florida Men batting - Pitching for Bloomington Longnecks : RHP Miguel Cervantes
Batting: RHB Henry Lambright 0-0: Called Strike
0-1: Foul Ball, location: 2F
0-2: Ball
1-2: Ball
2-2: Ball
3-2: Foul Ball, location: 2F
3-2: Base on Balls
Batting: LHB José Hernández 0-0: Fly out, F7 (Flyball, 7LM)
Batting: LHB Bastyão Lizardo 0-0: Called Strike
0-1: SINGLE (Line Drive, 56D)
Henry Lambright to second
Batting: RHB Phil Baker 0-0: Called Strike
0-1: Called Strike
0-2: Strikes out looking
Batting: RHB Israel Sanders 0-0: Fly out, F9 (Flyball, 9S)
Top of the 9th over - 0 run(s), 1 hit(s), 0 error(s), 2 left on base; Florida 1 - Bloomington 14
Thursday, August 10th, 2017 - OOTP Baseball 17.12 Build 75